 Dungeon Crawl Stone Soup version 0.30-a0-585-g93115170b9 (webtiles) character file.

Game seed: 13195588164064457755

163190 wormed the Severer (level 17, -4/168 HPs)
             Began as a Hill Orc Monk on Jan 2, 2023.
             Was the Champion of Beogh.
             Killed by the raging water
             ... invoked by a water nymph
              (15 damage)
             ... on level 4 of the Shoals.
             The game lasted 00:55:09 (31092 turns).

wormed the Severer (Hill Orc Monk)                 Turns: 31092, Time: 00:55:10

Health: -4/168     AC: 33    Str: 22    XL:     17   Next: 53%
Magic:  0/29       EV:  6    Int: 13    God:    Beogh [******]
Gold:   1711       SH: 18    Dex: 13    Spells: 16/16 levels left

rFire   . . .      SeeInvis .    p - +1 broad axe (flame)
rCold   + . .      Faith    .    U - +0 tower shield
rNeg    . . .      Spirit   +    W - +4 plate armour {Will+}
rPois   .          Reflect  .    P - +1 helmet {Int+3}
rElec   .          Harm     .    r - +0 cloak
rCorr   +          Rampage  .    V - +1 pair of gloves
Will    ++...                    F - +0 pair of boots Stlth
                                 C - amulet of Naexoem {Spirit rC++ Slay+3}
HPRegen 0.48/turn                g - +4 ring of protection
MPRegen 0.21/turn                h - ring of resist corrosion

@: about to teleport, spiked
A: walk on water, cold vulnerability 1
}: 1/15 runes: serpentine
a: Renounce Religion, Smiting, Recall Orcish Followers, Give Item to Named
Follower, Resurrection


You were on level 4 of the Shoals.
You worshipped Beogh.
Beogh was exalted by your worship.
You visited 6 branches of the dungeon, and saw 31 of its levels.
You also visited: Gauntlet.

You collected 4243 gold pieces.
You spent 2532 gold pieces at shops.

Inventory:

Hand Weapons
 i - the +6 quarterstaff of the Ornamental God {freeze, rC+}
   (You found it on level 5 of the Lair of Beasts)

   It freezes those it strikes, dealing additional cold damage.
   It can also slow down cold-blooded creatures.
   rC:        It protects you from cold.
 p - a +1 broad axe of flaming (weapon)
Missiles
 l - 5 throwing nets (quivered)
Armour
 r - a +0 cloak (worn)
 F - a +0 pair of boots (worn)
 P - a +1 helmet of intelligence (worn)
 U - a +0 tower shield (worn)
 V - a +1 pair of gloves (worn)
 W - a +4 plate armour of willpower (worn)
 Z - a +2 plate armour of cold resistance
Jewellery
 g - a +4 ring of protection (left hand)
 h - a ring of resist corrosion (right hand)
 u - a ring of protection from cold
 B - a ring of see invisible
 C - the amulet of Naexoem (around neck) {Spirit rC++ Slay+3}
   (You took it off a naga sharpshooter on level 4 of the Snake Pit)

   [amulet of guardian spirit]

   It causes incoming damage to be divided between your reserves of health and
   magic.
   Slay:      It affects your accuracy & damage with ranged weapons and melee
   (+3).
   rC:        It greatly protects you from cold.
 E - an amulet of the acrobat
 Q - a ring of protection from fire
Wands
 b - a wand of paralysis (12)
 j - a wand of polymorph (27)
 q - a wand of roots (10)
 I - a wand of digging (3)
 O - a wand of mindburst (16)
 R - a wand of acid (4)
 Y - a wand of flame (19)
Scrolls
 f - 18 scrolls of teleportation
 k - 4 scrolls of fear
 m - 4 scrolls of magic mapping
 n - 3 scrolls of poison
 o - 8 scrolls of identify
 w - 6 scrolls of amnesia
 y - a scroll of blinking
 D - 3 scrolls of enchant weapon
 J - 3 scrolls of fog
 K - 2 scrolls of brand weapon
 L - 4 scrolls of enchant armour
 S - 5 scrolls of silence
 X - a scroll of torment {unknown}
Potions
 a - 2 potions of ambrosia
 c - 5 potions of attraction
 d - 6 potions of mutation
 e - 16 potions of curing
 s - a potion of berserk rage
 t - 9 potions of degeneration
 v - 3 potions of might
 x - 6 potions of brilliance
 z - 3 potions of flight
 A - a potion of magic
 G - a potion of cancellation {unknown}
 H - 5 potions of resistance
 M - 6 potions of haste
 N - 8 potions of lignification
 T - 2 potions of invisibility


   Skills:
 + Level 19.4 Fighting
 + Level 19.9 Axes
 + Level 15.3 Armour
 - Level 2.4 Dodging
 - Level 1.5 Stealth
 + Level 15.3 Shields
 + Level 16.8 Invocations


You had 16 spell levels left.
You didn't know any spells.
Your spell library contained the following spells:

 Spells                   Type           Power      Damage    Failure   Level
 Apportation              Tloc           0%         N/A       100%        1
 Magic Dart               Conj           0%         1d3       100%        1
 Necrotise                Necr           0%         1d4       100%        1
 Sandblast                Erth           0%         2d4       100%        1
 Sting                    Tmut/Pois      0%         1d3       100%        1
 Summon Small Mammal      Summ           0%         N/A       100%        1
 Blink                    Tloc           0%         N/A       100%        2
 Call Imp                 Summ           0%         N/A       100%        2
 Ensorcelled Hibernation  Hex/Ice        0%         N/A       100%        2
 Momentum Strike          Conj/Tloc      0%         3d8       100%        2
 Passwall                 Tmut/Erth      0%         N/A       100%        2
 Poisonous Vapours        Pois/Air       0%         N/A       100%        2
 Scorch                   Fire           0%         2d5       100%        2
 Searing Ray              Conj           0%         2d4       100%        2
 Static Discharge         Conj/Air       0%         2-2/arc   100%        2
 Call Canine Familiar     Summ           0%         N/A       100%        3
 Dazzling Flash           Conj/Hex       0%         N/A       100%        3
 Ignite Poison            Fire/Tmut/Pois 0%         N/A       100%        3
 Kindle Blastsparks       Fire/Tloc/Air  0%         2d10      100%        3
 Lesser Beckoning         Tloc           0%         N/A       100%        3
 Mephitic Cloud           Conj/Pois/Air  0%         N/A       100%        3
 Ozocubu's Armour         Ice            0%         N/A       100%        3
 Portal Projectile        Hex/Tloc       0%         N/A       100%        3
 Spider Form              Tmut/Pois      0%         N/A       100%        3
 Stone Arrow              Conj/Erth      0%         3d7       100%        3
 Tukima's Dance           Hex            0%         N/A       100%        3
 Vhi's Electric Charge    Tloc/Air       0%         N/A       100%        3
 Anguish                  Hex/Necr       0%         N/A       100%        4
 Animate Armour           Summ/Erth      0%         N/A       100%        4
 Animate Dead             Necr           0%         N/A       100%        4
 Flame Wave               Conj/Fire      0%         2d4       100%        4
 Fulminant Prism          Conj/Hex       0%         3d5       100%        4
 Iskenderun's Mystic Bla  Conj/Tloc      0%         2d3       100%        4
 Leda's Liquefaction      Hex/Erth       0%         N/A       100%        4
 Manifold Assault         Tloc           0%         N/A       100%        4
 Olgreb's Toxic Radiance  Pois           0%         N/A       100%        4
 Passage of Golubria      Tloc           0%         N/A       100%        4
 Agony                    Necr           0%         N/A       100%        5
 Alistair's Intoxication  Tmut/Pois      0%         N/A       100%        5
 Arcjolt                  Conj/Air       0%         1d10      100%        5
 Freezing Cloud           Conj/Ice/Air   0%         6-21      100%        5
 Lee's Rapid Deconstruct  Erth           0%         3d4*      100%        5
 Lightning Bolt           Conj/Air       0%         1d11      100%        5
 Metabolic Englaciation   Hex/Ice        0%         N/A       100%        5
 Silence                  Hex/Air        0%         N/A       100%        5
 Yara's Violent Unravell  Hex/Tmut       0%         3d3       100%        5
 Simulacrum               Ice/Necr       0%         N/A       100%        6
 Summon Cactus Giant      Summ           0%         N/A       100%        6
 Haunt                    Necr/Summ      0%         N/A       100%        7
 Storm Form               Tmut/Air       0%         N/A       100%        7
 Infestation              Necr           0%         N/A       100%        8
 Lehudib's Crystal Spear  Conj/Erth      0%         10d2      100%        8
 Maxwell's Capacitive Co  Air            0%         ∞         100%        8


Dungeon Overview and Level Annotations

Branches:
Dungeon (15/15)            Temple (0/1) D:5            Lair (5/5) D:11
 Shoals (4/4) Lair:3        Snake (4/4) Lair:3        Slime (0/5) Lair:5
    Orc (2/2) D:12            Elf (1/3) Orc:2        Vaults (0/5) D:13
 Depths (0/4) D:15        Gauntlet (visited)

Altars:
Ashenzari
Dithmenos
Elyvilon
Fedhas
Hepliaklqana
Nemelex Xobeh
Ru
Sif Muna
Uskayaw
Vehumet
The Shining One
Beogh

Shops:
D:7 (   D:13 ?[((   Orc:2 *(?=   Shoals:1 *   Shoals:3 (

Annotations:
Lair:1 1 runed translucent door, benadryl's ghost, novice TrFi
Lair:3 2 transporters, bmack86's ghost, journeyman MiFi
Shoals:2 Polyphemus


Innate Abilities, Weirdness & Mutations

You can walk on water.
You are vulnerable to cold. (rC-)


Message History

The silver javelin pierces through you! The silver sears you!
You slash the merfolk aquamancer! You burn the merfolk aquamancer.
The merfolk aquamancer is heavily wounded.
The manticore flicks its tail.
The volley of spikes hits you!!
The barbed spikes become lodged in your body.
The merfolk javelineer throws a silver javelin.
The silver javelin pierces through you! The silver sears you!
You block the merfolk aquamancer's attack.
A merfolk aquamancer comes into view. It is wielding a +0 rapier.
You are too injured to fight recklessly!
As you read the scroll of teleportation, it crumbles to dust.
You feel strangely unstable. You block the sea snake's attack.
The water nymph casts a spell at you. The water swirls and strikes you!
The merfolk javelineer throws a silver javelin.
The silver javelin pierces through you!!
* * * LOW HITPOINT WARNING * * *
The silver sears you!
* * * LOW HITPOINT WARNING * * *
The merfolk aquamancer gestures at you while chanting.
The torrent of water hits you!!
* * * LOW HITPOINT WARNING * * *
You are knocked back by the torrent of water.
The wave splashes down.
The merfolk impaler hits you from afar with a +5 heavy trident!
* * * LOW HITPOINT WARNING * * *
You block the merfolk impaler's attack. You block the sea snake's attack.
You hear a screech! x3
As you read the scroll of fear, it crumbles to dust.
You assume a fearsome visage.
The merfolk aquamancer looks frightened!
The water nymph resists with some effort.
The merfolk javelineer resists with some effort.
The merfolk looks frightened!
The merfolk impaler looks frightened! x2
The merfolk aquamancer looks frightened!
The sea snake looks frightened!
The manticore looks frightened!
The water nymph casts a spell at you. The water swirls and strikes you!
You die...

≈≈P~.....# #.~~≈≈~~....
≈~~P~~P..###.~≈≈≈~~~.###
~~~PPP.......~≈≈≈~~.....
~~~P<..P~~...~~~~~~.....
...........P~~~~~~......
~. .PP.P....o..........
~. .PP.P...P..~m~......
~# ##P.P..P...~~S......
## ##P..m....~@~H..$.. #
#P....P..##m##.... +
'.......##tm~# ... #
#.......#


mmm# .~ ## ##.P.....# φ~.# ~#####P.......# ...# ~~............## ..##
~~..P<(........##### .....P....<......~ You could see 2 merfolk impalers, a
merfolk javelineer, a sea snake (fleeing), 2 merfolk aquamancers, a merfolk
(fleeing, ally target), a manticore (fleeing), a water nymph and the friendly
Morguth the orc warlord.

Vanquished Creatures
  A kraken (Shoals:2)
  Ilsuiw (Shoals:2)
  A dire elephant (Lair:5)
  2 merfolk javelineers
  A fire dragon (Shoals:1)
  2 merfolk impalers
  An ice dragon (Shoals:1)
  2 salamander tyrants (Snake:4)
  3 vault guards (D:13)
  3 hydras
  A merfolk avatar (Shoals:1)
  3 anacondas
  A death yak (Shoals:2)
  7 two-headed ogres
  A merfolk aquamancer (Shoals:4)
  4 naga warriors
  A tengu warrior (Gauntlet)
  4 naga sharpshooters
  The ghost of OTABOTABOTAB the Devastator, a journeyman DECj of Vehumet (Orc:2)
  2 shock serpents
  A salamander mystic (Snake:4)
  2 sea snakes
  A skeletal warrior (D:14)
  2 wizards
  An orc knight (D:13)
  2 lindwurms
  6 harpies
  2 deep elf zephyrmancers (Elf:1)
  6 mana vipers
  2 ugly things (D:15)
  11 manticores
  3 deep elf pyromancers
  4 fauns (Shoals:3)
  3 salamanders
  6 cyclopes
  3 naga magi (Snake:4)
  14 black mambas
  7 merfolk sirens
  A gargoyle (D:12)
  2 elephants (Lair:5)
  5 cane toads
  3 water nymphs
  2 ice statues (D:15)
  3 komodo dragons
  3 rime drakes
  4 tengu conjurers
  An efreet (D:15)
  2 wind drakes
  3 meliai (D:15)
  5 polar bears (Lair:5)
  4 trolls
  3 hornets
  8 merfolk
  2 raiju (Lair:5)
  13 blink frogs
  6 dream sheep
  2 slime creatures (D:15)
  4 snapping turtles
  4 water elementals
  A vampire (D:9)
  6 shadows (Gauntlet)
  A wyvern (D:8)
  4 neqoxecs (Orc:2)
  Eustachio (D:5)
  A fire elemental (Orc:2)
  A steam dragon (Lair:1)
  A wraith (D:12)
  27 yaks
  3 basilisks
  An acid dragon (D:8)
  3 wargs (Lair:5)
  8 nagas
  2 hell hounds (Lair:5)
  Duvessa (D:5)
  8 water moccasins
  8 orc warriors
  A sky beast (D:7)
  9 black bears
  4 ogres
  3 ice beasts
  15 wolves
  7 centaurs
  2 phantoms
  A kobold brigand (D:6)
  10 bullfrogs
  A gnoll sergeant (D:7)
  4 scorpions
  2 necrophages
  8 wights
  Dowan (D:5)
  10 killer bees
  An electric eel (D:14)
  3 howler monkeys (D:9)
  A crimson imp (D:4)
  3 quasits (Orc:2)
  2 hounds
  Crazy Yiuf (D:6)
  A jelly (D:6)
  4 orc priests
  4 gnoll boudas
  3 iguanas
  6 orc wizards
  Robin (D:2)
  30 gnolls
  9 adders
  A white imp (D:8)
  2 worms
  3 dart slugs
  23 orcs
  8 bats
  5 endoplasms
  3 giant cockroaches
  13 goblins
  15 hobgoblins
  30 kobolds
  4 quokkas
  8 ball pythons
  2 frilled lizards (D:3)
  A goblin skeleton (D:4)
  A goblin zombie (D:4)
  A hobgoblin zombie (D:4)
  3 orc skeletons (D:4)
  An orc zombie (D:4)
  3 rats
  3 bushes (Shoals:1)
  3 tentacles (Shoals:2)
555 creatures vanquished.

Vanquished Creatures (collateral kills)
  Jorgrun (Orc:1)
  4 nagarajas (Snake:4)
  Aizul (Snake:1)
  A stone giant (D:15)
  Azrael (Orc:2)
  A merfolk impaler (Shoals:3)
  2 merfolk javelineers
  Harold (D:9)
  3 hydras
  3 salamander tyrants (Snake:4)
  3 catoblepae
  2 ogre magi (D:15)
  3 boulder beetles
  An alligator snapping turtle (Shoals:1)
  A dancing weapon (Elf:1)
  3 death yaks (Shoals:2)
  2 centaur warriors
  2 tengu warriors (D:15)
  7 anacondas
  4 two-headed ogres (D:15)
  10 naga warriors
  A hell knight (D:15)
  7 shock serpents
  8 naga sharpshooters
  2 skeletal warriors (D:14)
  4 salamander mystics
  3 sea snakes
  2 naga ritualists
  A deep elf archer (D:13)
  A wizard (D:14)
  An orc knight (Orc:2)
  4 deep elf zephyrmancers (Elf:1)
  3 mana vipers
  6 harpies
  4 cyclopes
  4 manticores
  A faun (Shoals:3)
  2 deep elf pyromancers
  12 salamanders
  8 ugly things (D:15)
  5 merfolk sirens
  A water nymph (Shoals:1)
  An elephant (Lair:5)
  22 black mambas
  A torpor snail (Lair:5)
  Joseph (D:10)
  A gargoyle (D:13)
  3 guardian serpents
  4 cane toads
  An eye of devastation (Lair:5)
  18 naga magi
  A kobold demonologist (D:11)
  5 komodo dragons
  7 merfolk
  3 trolls
  6 meliai
  7 polar bears
  2 hornets
  11 blink frogs
  3 wind drakes
  A raiju (Lair:5)
  4 dream sheep
  3 snapping turtles
  4 slime creatures (D:15)
  A culicivora (shapeshifter) (D:15)
  3 wraiths
  5 water elementals
  22 yaks
  A vampire (D:11)
  2 fire elementals
  2 wyverns
  3 wargs (Lair:5)
  3 basilisks
  31 nagas
  15 hell hounds
  A floating eye (Lair:5)
  7 water moccasins
  4 black bears
  13 orc warriors
  3 sky beasts (D:13)
  14 wolves
  11 centaurs
  3 ogres
  2 bullfrogs
  A kobold brigand (D:10)
  A killer bee (D:9)
  2 howler monkeys (D:11)
  An orc priest (D:9)
  5 orc wizards
  7 orcs
  2 kobolds (D:10)
  A butterfly (Lair:1)
411 creatures vanquished.

Vanquished Creatures (others)
  An orc warlord (Snake:4)
  9 orc knights
  A merfolk aquamancer (Shoals:2)
  A deep elf pyromancer (Elf:1)
  21 orc warriors
  A bullfrog (D:7)
  7 orc priests
  5 orc wizards
  38 orcs
  26 fungi
  113 plants
  5 tentacles (Shoals:2)
228 creatures vanquished.

Grand Total: 1194 creatures vanquished

Notes
Turn   | Place    | Note
-------+----------+-------------------------------------------
     0 | D:1      | wormed the Hill Orc Monk began the quest for the Orb.
     0 | D:1      | Reached XP level 1. HP: 19/19 MP: 1/1
   285 | D:1      | Reached XP level 2. HP: 27/27 MP: 2/2
   358 | D:1      | Found a faded altar of an unknown god.
   597 | D:1      | Reached skill level 1 in Shields
   603 | D:1      | Reached skill level 1 in Armour
   650 | D:1      | Reached XP level 3. HP: 31/33 MP: 3/3
   911 | D:2      | Noticed Robin
   938 | D:2      | Killed Robin
  1307 | D:2      | Reached skill level 5 in Axes
  1396 | D:2      | Reached XP level 4. HP: 24/40 MP: 4/4
  2575 | D:3      | Found a hide-covered altar of Uskayaw.
  2767 | D:3      | Reached XP level 5. HP: 44/47 MP: 5/5
  3147 | D:4      | Found a glowing golden altar of the Shining One.
  3264 | D:4      | Reached skill level 5 in Fighting
  3264 | D:4      | Reached XP level 6. HP: 31/56 MP: 6/6
  4536 | D:5      | Entered Level 5 of the Dungeon
  4987 | D:5      | Reached XP level 7. HP: 30/63 MP: 7/7
  5142 | D:5      | Found a staircase to the Ecumenical Temple.
  5171 | D:5      | Noticed Eustachio
  5196 | D:5      | Killed Eustachio
  5505 | D:5      | Found a sparkling altar of Nemelex Xobeh.
  5829 | D:5      | Found a sacrificial altar of Ru.
  6089 | D:5      | Noticed Dowan
  6090 | D:5      | Noticed Duvessa
  6391 | D:5      | Killed Duvessa
  6392 | D:5      | Reached XP level 8. HP: 51/73 MP: 8/8
  6395 | D:5      | Killed Dowan
  6861 | D:6      | Identified a scroll of acquirement
  6861 | D:6      | Acquired 1072 gold pieces
  7040 | D:6      | Reached skill level 5 in Armour
  7042 | D:6      | Reached skill level 5 in Shields
  7759 | D:6      | Identified the +9 hammer of the Wraith {speed, *Slow Str+8
                  | Dex-2 Stlth+}
  7769 | D:6      | Found a runed translucent door.
  7770 | D:6      | Noticed Crazy Yiuf
  7775 | D:6      | Killed Crazy Yiuf
  7839 | D:6      | Reached skill level 10 in Axes
  7990 | D:6      | Reached XP level 9. HP: 82/82 MP: 9/9
  8162 | D:7      | Found a shadowy altar of Dithmenos.
  8166 | D:7      | Found a hazy altar of Hepliaklqana.
  8427 | D:7      | Found Firehay's Antique Weapon Emporium.
  8549 | D:7      | Became a worshipper of Beogh the Brigand
  8549 | D:7      | Reached * piety under Beogh
  8549 | D:7      | Reached ** piety under Beogh
  8639 | D:7      | Reached skill level 1 in Invocations
  9754 | D:8      | Reached skill level 10 in Fighting
  9998 | D:8      | Reached XP level 10. HP: 94/94 MP: 12/12
 10036 | D:8      | Reached *** piety under Beogh
 10286 | D:8      | Found a radiant altar of Vehumet.
 10375 | D:9      | Noticed Harold
 10487 | D:9      | Killed Harold
 10493 | D:9      | Reached skill level 5 in Invocations
 10804 | D:9      | Found a white marble altar of Elyvilon.
 10930 | D:9      | Reached XP level 11. HP: 104/104 MP: 15/15
 11401 | D:10     | Entered Level 10 of the Dungeon
 11406 | D:10     | Noticed Joseph
 11419 | D:10     | Killed Joseph
 11642 | D:10     | Found a broken altar of Ashenzari.
 11656 | D:10     | Reached **** piety under Beogh
 11735 | D:10     | Found a shimmering blue altar of Sif Muna.
 11959 | D:11     | Gained Morguth as an ally
 11964 | D:11     | Noticed a boulder beetle
 11978 | D:11     | Killed a boulder beetle
 12096 | D:11     | Noticed a two-headed ogre
 12097 | D:11     | Noticed a cyclops
 12107 | D:10     | Killed a two-headed ogre
 12143 | D:11     | Killed a cyclops
 12235 | D:11     | Noticed a cyclops
 12243 | D:11     | Killed a cyclops
 12326 | D:11     | Found a staircase to the Lair.
 12456 | D:12     | Noticed a cyclops
 12464 | D:12     | Killed a cyclops
 12481 | D:12     | Found a gate leading to a gauntlet.
 12499 | D:12     | Noticed a two-headed ogre
 12506 | D:12     | Killed a two-headed ogre
 12520 | D:12     | Found a staircase to the Orcish Mines.
 12540 | D:12     | Noticed a deep elf pyromancer
 12552 | D:12     | Killed a deep elf pyromancer
 12553 | D:12     | Reached skill level 15 in Axes
 12650 | D:12     | Noticed a deep elf pyromancer
 12650 | D:12     | Noticed a two-headed ogre
 12657 | D:12     | Killed a two-headed ogre
 12659 | D:12     | Reached XP level 12. HP: 92/115 MP: 17/17
 12942 | Gauntlet | Entered a Gauntlet
 12942 | Gauntlet | Found a transporter.
 12942 | Gauntlet | Found a transporter.
 12959 | Gauntlet | Found a runed translucent door.
 12962 | Gauntlet | Found a transporter.
 12964 | Gauntlet | Found a transporter.
 12975 | Gauntlet | Found a transporter.
 12976 | Gauntlet | Found a transporter.
 12984 | Gauntlet | Found a transporter.
 13001 | Gauntlet | Found a transporter.
 13015 | Gauntlet | Found a transporter.
 13019 | Gauntlet | Found a transporter.
 13023 | Gauntlet | Noticed a tengu warrior
 13027 | Gauntlet | Found a transporter.
 13031 | Gauntlet | Found a transporter.
 13211 | Gauntlet | Identified the amulet "Lien" {Acrobat rF+}
 13224 | Gauntlet | Paralysed by a hornet for 2 turns
 13230 | Gauntlet | Paralysed by a hornet for 3 turns
 13387 | Gauntlet | Killed a tengu warrior
 13521 | Gauntlet | Noticed a minotaur
 13573 | Lair:1   | Entered Level 1 of the Lair of Beasts
 13675 | Lair:1   | Reached ***** piety under Beogh
 13722 | Lair:1   | Found a runed translucent door.
 13724 | Lair:1   | Noticed benadryl's ghost (novice TrFi)
 13726 | Lair:1   | Identified the +5 trident "Oregh" {flame, Drain rElec
                  | Str+3}
 15080 | Lair:3   | Reached skill level 15 in Fighting
 15086 | Lair:3   | Gained Wardok as an ally
 15190 | Lair:3   | Found a staircase to the Snake Pit.
 15235 | Lair:3   | Reached XP level 13. HP: 126/126 MP: 20/20
 15248 | Lair:3   | Reached skill level 10 in Armour
 15568 | Lair:3   | Noticed bmack86's ghost (journeyman MiFi)
 15571 | Lair:3   | Found a transporter.
 15581 | Lair:3   | Found a transporter.
 15780 | Lair:3   | Identified the +10 trident of the Establishment {pain, rN+
                  | Dex+2}
 15935 | Lair:3   | Reached skill level 10 in Shields
 16004 | Lair:3   | Found a staircase to the Shoals.
 16020 | Lair:3   | Reached ****** piety under Beogh
 16247 | Lair:4   | Reached skill level 10 in Invocations
 16601 | Lair:5   | Entered Level 5 of the Lair of Beasts
 16754 | Lair:5   | Paralysed by a floating eye for 3 turns
 16756 | Lair:5   | Gained Alork as an ally
 16867 | Lair:5   | Noticed a dire elephant
 16874 | Lair:5   | Killed a dire elephant
 16923 | Lair:5   | Identified the +6 quarterstaff of the Ornamental God
                  | {freeze, rC+}
 16990 | Lair:5   | Found a staircase to the Slime Pits.
 17148 | Lair:5   | Reached XP level 14. HP: 134/136 MP: 22/22
 17261 | Lair:5   | Identified the ring "Fosichauxt" {Ice rCorr Int+4 Dex-2}
 17271 | Lair:5   | Identified the +1 short sword of the Ring {heavy, Contam
                  | Drain Will+++ Dex+2}
 18530 | D:13     | Found Ymuesmas's Weapon Shoppe.
 18571 | D:13     | Found Nafor's Antique Armour Emporium.
 18576 | D:13     | Found Emeh Ozu's Magic Scroll Emporium.
 18733 | D:13     | Found Denal's Weapon Boutique.
 19086 | D:13     | Found a gate to the Vaults.
 19168 | D:13     | Bought a runed helmet for 262 gold pieces
 19168 | D:13     | Bought a pair of runed gloves for 262 gold pieces
 19530 | D:14     | You fall into a shaft and drop 1 floor!
 19530 | D:15     | Entered Level 15 of the Dungeon
 19591 | D:15     | Noticed a stone giant
 19592 | D:15     | Found a staircase to the Depths.
 19598 | D:15     | Killed a stone giant
 19664 | D:15     | Found a frozen archway.
 19674 | D:15     | Your ally Wardok died
 20000 | D:15     | Reached XP level 15. HP: 120/147 MP: 23/25
 20358 | D:15     | Found a blossoming altar of Fedhas.
 20570 | Orc:1    | Entered Level 1 of the Orcish Mines
 20608 | Orc:1    | Noticed Jorgrun
 20610 | Orc:1    | Killed Jorgrun
 20774 | Orc:2    | Entered Level 2 of the Orcish Mines
 20776 | Orc:2    | Noticed Azrael
 20790 | Orc:2    | Killed Azrael
 20802 | Orc:2    | Found a staircase to the Elven Halls.
 20876 | Orc:2    | Found a transporter.
 20876 | Orc:2    | Noticed OTABOTABOTAB's ghost (journeyman DECj)
 20895 | Orc:2    | Found a roughly hewn altar of Beogh.
 21023 | Orc:2    | Found a transporter.
 21043 | Orc:2    | Gained Marbork as an ally
 21048 | Orc:2    | Found Qoidasmos's Magic Scroll Boutique.
 21048 | Orc:2    | Found Itaejedo's Weapon Shoppe.
 21048 | Orc:2    | Found Racostreoxt's Assorted Antiques.
 21052 | Orc:2    | Found Mofaj's Jewellery Shop.
 21318 | Orc:2    | Killed OTABOTABOTAB's ghost
 21321 | Orc:2    | Gained mutation: You are vulnerable to cold. (rC-) [a
                  | neqoxec]
 21329 | Orc:2    | Got the ring "Magg" {*Slow rPois Int+9 Dex+6}
 21725 | Snake:1  | Entered Level 1 of the Snake Pit
 21750 | Snake:1  | Your ally Marbork died
 21757 | Snake:1  | Gained Koronagh as an ally
 21772 | Snake:1  | Your ally Koronagh died
 21925 | Snake:1  | Noticed Aizul
 21936 | Snake:1  | Killed Aizul
 22152 | D:13     | Bought a runed plate armour for 910 gold pieces
 22152 | D:13     | Bought a glowing plate armour for 910 gold pieces
 23265 | Snake:2  | Gained Gorg as an ally
 23754 | Snake:3  | Your ally Gorg died
 23799 | Snake:3  | Gained Olfik as an ally
 23960 | Snake:3  | Reached XP level 16. HP: 150/157 MP: 27/27
 23965 | Snake:3  | Your ally Olfik died
 24040 | Snake:3  | Reached skill level 15 in Invocations
 24350 | Snake:3  | Gained Orgrim as an ally
 24459 | Snake:4  | Entered Level 4 of the Snake Pit
 24567 | Snake:4  | Gained Morbeogh as an ally
 25150 | Snake:4  | Identified the amulet of Naexoem {Spirit rC++ Slay+3}
 25351 | Snake:4  | Noticed a nagaraja
 25358 | Snake:4  | Killed a nagaraja
 25423 | Snake:4  | Noticed a nagaraja
 25425 | Snake:4  | Noticed a nagaraja
 25432 | Snake:4  | Your ally Alork died
 25436 | Snake:4  | Your ally Morbeogh died
 25436 | Snake:4  | Killed a nagaraja
 25436 | Snake:4  | HP: 5/159 [asphyx]
 25437 | Snake:4  | Gained Boghold as an ally
 25438 | Snake:4  | Your ally Orgrim died
 25438 | Snake:4  | Killed a nagaraja
 25474 | Snake:4  | Killed a nagaraja
 25630 | Snake:4  | Got a serpentine rune of Zot
 25959 | Elf:1    | Entered Level 1 of the Elven Halls
 26513 | D:7      | Bought a runed war axe for 188 gold pieces
 26715 | Shoals:1 | Entered Level 1 of the Shoals
 27026 | Shoals:1 | Found Xogh's Gadget Gallery.
 27408 | Shoals:1 | Reached XP level 17. HP: 162/168 MP: 26/29
 27538 | Shoals:1 | Identified the +0 animal skin of Gozag's Envy {Int+5}
 28154 | Shoals:2 | Noticed a kraken
 28166 | Shoals:2 | Killed a kraken
 28167 | Shoals:2 | Reached skill level 15 in Armour
 28456 | Shoals:2 | Identified the +1 kite shield of Wariness {rC- rN+ Dex+3}
 28463 | Shoals:2 | Reached skill level 15 in Shields
 28653 | Shoals:2 | Noticed Ilsuiw
 28697 | Shoals:2 | Your ally Boghold died
 28712 | Shoals:2 | Killed Ilsuiw
 28722 | Shoals:2 | Noticed Polyphemus
 30458 | Shoals:3 | Found Kiakyeg's Antique Weapon Shoppe.
 30711 | Shoals:4 | Entered Level 4 of the Shoals
 31092 | Shoals:4 | Killed from afar by a water nymph

Illustrated notes

Levels and vault maps discovered:
D:1:      amcnicky_arrival_flooded_fountain, layout_basic,
          basic_ecumenical_altar, hex_medium
D:2:      kb_forest_paths, layout_basic, uniq_robin
D:3:      kennysheep_big_flooded_room, layout_rooms,
          lemuel_coloured_pillars_altar, wad_orctagon
D:4:      layout_gridville, nicolae_tso_besieged_by_evil,
          kennysheep_small_circle
D:5:      layout_loops_corners, nicolae_ru_the_path_less_chosen,
          mainiacjoe_overflow_alcove_2, minmay_temple_entry_metal_lava,
          uniq_eustachio, uniq_duvessa
D:6:      kennysheep_kobold_camp, layout_loops_ring, uniq_crazy_yiuf_cottage
D:7:      layout_loops_corners, riverfiend_overflow_shadow_ancestor,
          serial_shops, nicolae_diamond_shop, nicolae_figureground_sparkle
D:8:      layout_basic, marbit_many_paths
D:9:      layout_rooms, nicolae_elyvilon_peaceful_grove,
          chequers_serial_rivers_marsh, hangedman_abyss_or_decor_lesser_grid,
          kennysheep_generic_room_7, uniq_harold
D:10:     layout_cave_pools, led_sif_pool, mainiacjoe_overflow_cross_hatched,
          uniq_joseph
D:11:     layout_rooms, grunt_lair_entry_orc_guard_hut
D:12:     layout_cave_pools, orc_0_dummy, gauntlet_entry_generic
D:13:     layout_long_grid, grunt_vaults_entry_fortified, serial_shops,
          nicolae_shop_waterfront, nicolae_shop_crystal,
          nicolae_shop_advertising_works [nicolae_subvault_shop_adworks],
          kennysheep_mini_moat, dreamdust_looks_like_rain
D:14:     lemuel_traditional_vault, layout_small_grid, nrook_uturn
D:15:     hangedman_depths_entry_civil_slaughter, layout_irregular_city,
          fedhas_altar_fruit_tree, portal_ice_cave_entry_ice_statue_two
Lair:1:   layout_roguey, ebering_ghost_funeral_grove, lemuel_fruit_fields,
          infiniplex_staircase_pool
Lair:2:   layout_gridlike
Lair:3:   layout_layer_cave, elwin_shoals_entry_rooms,
          guppyfry_snake_entry_island, gammafunk_ghost_arena,
          serial_bayou_shore_b
Lair:4:   layout_roguey
Lair:5:   hangedman_lair_in_review, layout_hall_layers,
          hangedman_lair_caniforms_friends, minmay_slime_entry_eyes
Shoals:1: argonaut_golden_fleece, layout_shoals, ldierk_geyser,
          nicolae_shop_gadgets
Shoals:2: layout_shoals, uniq_ilsuiw, uniq_polyphemus
Shoals:3: layout_shoals, serial_shops, nicolae_take_the_stairs
Shoals:4: shoals_end_simple, layout_shoals, serial_shops, nicolae_shop_crystal
Snake:1:  layout_onion_interference, grunt_megastairs_5, uniq_aizul
Snake:2:  layout_honeycomb, grunt_megastairs_2
Snake:3:  layout_rooms, nicolae_snake_gridmaze_squiggle,
          nicolae_fountain_basement
Snake:4:  minmay_snake_end_coiled, layout_cave_town, nicolae_snake_snakewalk
Orc:1:    layout_diamond_mine, uniq_jorgrun
Orc:2:    st_orc_rangers, layout_diamond_mine, gammafunk_ghost_stat_death,
          basic_altar, uniq_azrael
Elf:1:    eino_elf_arrival_customs, layout_loops_ring, minmay_elf_demonology,
          item_on_display_a

Skill      XL: |  1  2  3  4  5  6  7  8  9 10 11 12 13 14 15 16 17 |
---------------+----------------------------------------------------+-----
Shields        | 1 2 3 4 5 6 7 8 9 11 12 13 14 15 | 15.3
Armour         | 1 2 3 4 5 6 7 8 9 11 12 13 14 15 | 15.3
Fighting       | 4 5 6 7 8 10 12 13 15 17 18 19 | 19.4
Axes           | 5 6 7 8 10 11 13 15 16 18 19 | 19.9
Invocations    | 3 5 7 9 11 13 14 16 | 16.8
Dodging        | |  2.4
Stealth        | |  1.5

Action                   |  1- 3 |  4- 6 |  7- 9 | 10-12 | 13-15 | 16-18 || total
-------------------------+-------+-------+-------+-------+-------+-------++-------
Melee: Hand axe          |   103 |   335 |   118 |       |       |       ||   556
       Punch             |     1 |     2 |       |       |       |       ||     3
       War axe           |       |       |   300 |   411 |   539 |       ||  1250
       Broad axe         |       |       |       |       |   121 |   490 ||   611
Invok: Convert to Beogh  |       |       |     1 |       |       |       ||     1
       Recall Orcish Fol |       |       |       |     1 |    17 |    18 ||    36
       Smiting           |       |       |       |     1 |     7 |       ||     8
       Give Item to Name |       |       |       |       |     3 |       ||     3
Evoke: Wand              |       |     3 |       |       |       |       ||     3
  Use: Potion            |     1 |     2 |     2 |       |     2 |    12 ||    19
       Scroll            |       |     7 |     2 |    12 |     9 |     4 ||    34
 Stab: Sleeping          |     2 |       |       |       |       |       ||     2
       Distracted        |       |       |       |     2 |     8 |     3 ||    13
Armor: Robe              |    11 |       |       |       |       |       ||    11
       Ring mail         |    25 |    87 |    93 |       |       |       ||   205
       Scale mail        |       |       |    23 |    52 |       |       ||    75
       Plate armour      |       |       |       |   144 |   361 |   303 ||   808
Dodge: Dodged            |    69 |   137 |   167 |    83 |   145 |    89 ||   690
Block: Kite shield       |       |    97 |   256 |   236 |   436 |       ||  1025
       Tower shield      |       |       |       |       |   111 |   476 ||   587

Table legend: (Time is in decaauts)
 A = Elapsed time spent in this place.
 B = Non-inter-level travel time spent in this place.
 C = Inter-level travel time spent in this place.
 D = Time resting spent in this place.
 E = Time spent auto-exploring this place.
 F = Levels seen in this place.
 G = Mean time per level.
                   A        B        C        D        E       F      G
               +--------+--------+--------+--------+--------+-----+--------+
         Total |  31076 |  28383 |   2693 |   1750 |  21167 |  32 |  971.1 |
       Dungeon |  15806 |  14449 |   1357 |   1126 |  10717 |  15 | 1053.7 |
          Lair |   5104 |   4267 |    837 |      0 |   3522 |   5 | 1020.8 |
        Shoals |   4343 |   4273 |     70 |    324 |   3225 |   4 | 1085.8 |
     Snake Pit |   3730 |   3440 |    290 |    200 |   2499 |   4 |  932.5 |
  Orcish Mines |   1146 |   1010 |    136 |      0 |    759 |   2 |  573.0 |
   Elven Halls |    338 |    338 |      0 |      0 |    279 |   1 |  338.0 |
      Gauntlet |    605 |    605 |      0 |    100 |    165 |   1 |  605.0 |
               +--------+--------+--------+--------+--------+-----+--------+

Top non-repeatable levels by time:
     D:5: 1958 daAuts
     D:6: 1573 daAuts
     D:4: 1523 daAuts
     D:2: 1519 daAuts
  Lair:5: 1498 daAuts
Shoals:2: 1447 daAuts
  Lair:3: 1426 daAuts
Shoals:1: 1385 daAuts
 Snake:4: 1323 daAuts
     D:8: 1212 daAuts
     D:7: 1192 daAuts
Shoals:3: 1133 daAuts
 Snake:2: 1132 daAuts
     D:9: 1040 daAuts
    D:13: 983 daAuts
